 Dungeon Crawl Stone Soup version 0.28-a0-628-g3c9886e45e (webtiles) character file.

Game seed: 117032175860216060

1360 mordus the Spear-Bearer (level 8, -4/64 HPs)
             Began as a Hill Orc Monk on Oct 8, 2021.
             Slain by a troll (6 damage)
             ... on level 6 of the Dungeon.
             The game lasted 00:09:08 (5288 turns).

mordus the Spear-Bearer (Hill Orc Monk)             Turns: 5288, Time: 00:09:09

Health: -4/64      AC: 11    Str: 16    XL:     8   Next: 64%
Magic:  8/8        EV:  7    Int: 10    God:
Gold:   176        SH:  0    Dex: 13    Spells: 7/7 levels left

rFire   . . .      SeeInvis +   p - +1 halberd
rCold   + . .      Faith    .   (shield currently unavailable)
rNeg    . . .      Spirit   .   l - +0 chain mail
rPois   .          Reflect  .   (no helmet)
rElec   .          Harm     .   (no cloak)
rCorr   .          Rampage  .   (no gloves)
Will    .....                   x - +0 pair of boots
Stlth   ..........              o - amulet of regeneration
HPRegen 1.20/turn               k - ring of protection from cold
MPRegen 0.11/turn               s - ring of see invisible

@: no status effects
A: no striking features
a: no special abilities


You were on level 6 of the Dungeon.
You visited 1 branch of the dungeon, and saw 6 of its levels.

You collected 176 gold pieces.

Inventory:

Hand Weapons
 a - a +0 spear
 p - a +1 halberd (weapon)
 w - a +0 trident
Armour
 e - a +0 ring mail
 l - a +0 chain mail (worn)
 x - a +0 pair of boots (worn)
Jewellery
 k - a ring of protection from cold (left hand)
 m - a ring of willpower
 o - an amulet of regeneration (around neck)
 s - a ring of see invisible (right hand)
 y - a ring of protection from cold
Wands
 v - a wand of acid (18)
 A - a wand of flame (15)
Scrolls
 c - a scroll of blinking {unknown}
 d - a scroll of enchant weapon
 g - 2 scrolls of identify
 j - 2 scrolls of teleportation
 r - a scroll of amnesia {unknown}
Potions
 b - 2 potions of flight
 f - a potion of magic {unknown}
 h - 2 potions of attraction {unknown}
 i - a potion of invisibility {unknown}
 n - a potion of berserk rage {unknown}
 q - a potion of heal wounds {unknown}
 t - a potion of might {unknown}
 u - a potion of curing {unknown}
 z - a potion of experience {unknown}
 B - a potion of resistance {unknown}


   Skills:
 - Level 3.6 Fighting
 * Level 9.9 Polearms
 + Level 6.2 Armour
 - Level 2.4 Dodging
 - Level 1.5 Stealth


You had 7 spell levels left.
You didn't know any spells.
Your spell library contained the following spells:

 Spells                   Type           Power      Damage    Failure   Level
 Magic Dart               Conj           0%         1d3       99%         1
 Sandblast                Erth           0%         2d4       99%         1
 Passwall                 Tmut/Erth      0%         N/A       100%        2
 Searing Ray              Conj           0%         2d4       100%        2
 Stone Arrow              Conj/Erth      0%         3d7       100%        3
 Swiftness                Air            0%         N/A       100%        3
 Fulminant Prism          Conj/Hex       0%         3d6       100%        4
 Summon Lightning Spire   Summ/Air       0%         N/A       100%        4
 Invisibility             Hex            0%         N/A       100%        6
 Storm Form               Tmut/Air       0%         N/A       100%        7
 Maxwell's Capacitive Co  Air            0%         ∞         100%        8


Dungeon Overview and Level Annotations

Branches:
Dungeon (6/15)
 Temple: D:4-7

Altars:
Hepliaklqana
Trog
Xom

Shops:
D:5 [(!*


Message History

Found a stone staircase leading up.
No target in view!
h - 2 emerald potions (gained 1)
You open the door.
A sky beast comes into view.
There is an open door here.
A sky beast is nearby!
An ice beast, a two-headed ogre and a troll come into view.
The two-headed ogre shouts in stereo!
The troll shouts!
An ogre comes into view. It is wielding a +0 giant spiked club.
The sky beast flickers out of sight for a moment.
There are monsters nearby!
You reach to attack!
You slash the sky beast!
The sky beast is moderately wounded.
There are monsters nearby!
There are monsters nearby!
You hit the sky beast.
The sky beast is heavily wounded.
The sky beast hits you. The sky beast shocks you.
The ice beast hits you but does no damage.
There are monsters nearby!
You barely miss the sky beast.
The sky beast is heavily wounded.
The sky beast barely misses you.
The two-headed ogre hits you with a +0 dire flail!
The two-headed ogre barely misses you.
The ice beast hits you but does no damage.
The ogre shouts!
You slash the sky beast!
The sky beast is almost dead.
The sky beast hits you but does no damage.
The ice beast hits you but does no damage.
The troll bites you! The troll claws you! The troll barely misses you.
The two-headed ogre hits you with a +0 dire flail!
* * * LOW HITPOINT WARNING * * *
The two-headed ogre barely misses you.
The ogre hits you with a +0 giant spiked club!
* * * LOW HITPOINT WARNING * * *
The troll barely misses you. The troll closely misses you. The troll claws you.
You die...

.........## #.. #[...#
..........# ##..##.....
##..###...# #..........
#..####..## .###........
##...#...##. #.##>........
........##... #...##........
....###.#.....#####.....#........
...## ###......OT.OY....#........
...### ....##@##Y....#....##..
##...##.##. ##...##...##..####..
.........#####.....#####..## ##.
...##....................## #.
...######......##...#....# ##
....######......#...#...## #
........#...#..##.......#
...........#...####.##..#
........#.###..# #.#####


You could see a two-headed ogre, a troll, a sky beast (invisible) and an ogre.

Vanquished Creatures
  An orc warrior (D:5)
  A black bear (D:6)
  An ice beast (D:5)
  2 ogres
  A phantom (D:4)
  Blork the orc (D:5)
  A bullfrog (D:6)
  4 scorpions
  A jelly (D:5)
  A bullfrog skeleton (D:4)
  A hound (D:5)
  An iguana (D:6)
  4 orc wizards
  A hound skeleton (D:5)
  5 adders
  3 gnolls (D:3)
  2 shadow imps
  A white imp (D:6)
  An ufetubus (D:4)
  An adder skeleton (D:4)
  4 worms
  3 dart slugs
  26 orcs
  5 ball pythons
  8 endoplasms
  6 giant cockroaches
  9 goblins
  6 hobgoblins
  2 kobolds
  2 quokkas (D:2)
  3 bats
  7 frilled lizards
  7 rats
122 creatures vanquished.

Vanquished Creatures (others)
  2 plants (D:1)
2 creatures vanquished.

Grand Total: 124 creatures vanquished

Notes
Turn   | Place    | Note
-------+----------+-------------------------------------------
     0 | D:1      | mordus the Hill Orc Monk began the quest for the Orb.
     0 | D:1      | Reached XP level 1. HP: 19/19 MP: 1/1
   113 | D:1      | Reached XP level 2. HP: 17/26 MP: 2/2
   365 | D:1      | Reached skill level 1 in Armour
   641 | D:1      | Reached skill level 4 in Polearms
   989 | D:1      | Found a faded altar of an unknown god.
  1048 | D:1      | Reached XP level 3. HP: 30/31 MP: 3/3
  1287 | D:2      | Found a shimmering altar of Xom.
  1674 | D:2      | Reached XP level 4. HP: 39/39 MP: 4/4
  2435 | D:3      | Reached skill level 5 in Polearms
  2928 | D:4      | Reached XP level 5. HP: 35/45 MP: 5/5
  3092 | D:4      | Reached skill level 6 in Polearms
  3147 | D:4      | Noticed an ogre
  3183 | D:4      | Killed an ogre
  3184 | D:4      | Reached XP level 6. HP: 22/51 MP: 6/6
  3411 | D:4      | Reached skill level 7 in Polearms
  3715 | D:5      | Entered Level 5 of the Dungeon
  3725 | D:5      | Found Fypyol's Distillery.
  3828 | D:5      | Found Zyar's Weapon Shop.
  3849 | D:5      | Reached XP level 7. HP: 53/57 MP: 7/7
  3924 | D:5      | Found Jithiqaz's Armour Shop.
  4108 | D:5      | Found Gicitos's Assorted Antiques.
  4108 | D:5      | Noticed Blork the orc
  4118 | D:5      | Killed Blork the orc
  4269 | D:5      | Reached skill level 8 in Polearms
  4387 | D:5      | Found a faded altar of an unknown god.
  4387 | D:5      | Found a faded altar of an unknown god.
  4387 | D:5      | Found a hazy altar of Hepliaklqana.
  4389 | D:5      | Found a faded altar of an unknown god.
  4767 | D:5      | Reached skill level 5 in Armour
  4802 | D:5      | Reached XP level 8. HP: 56/64 MP: 8/8
  4851 | D:6      | Reached skill level 9 in Polearms
  4971 | D:6      | Found a bloodstained altar of Trog.
  5281 | D:6      | Noticed a two-headed ogre
  5281 | D:6      | Noticed a troll
  5288 | D:6      | HP: 2/64 [ogre (16)]
  5288 | D:6      | Slain by a troll

Illustrated notes

Levels and vault maps discovered:
D:1:      elethiomel_arrival_quiet, layout_basic,
          hellmonk_ecumenical_altar_pennies_from_heaven, minmay_statues_item,
          minmay_misc_feat_doors, minivault_11, minmay_lizard_king
D:2:      layout_rooms, basic_altar, grunt_decor_clamped
D:3:      layout_loops_ring
D:4:      layout_loops_ring, kennysheep_generic_room_10
D:5:      layout_loops_ring, nicolae_hepliaklqana_ecumenical_no_more,
          serial_shops, shop, nicolae_lakefront_shop, nicolae_shop_statue_plus,
          shop, uniq_blork_the_orc
D:6:      minmay_octagon_keep, layout_cave_pools, lemuel_coloured_pillars_altar

Skill      XL: |  1  2  3  4  5  6  7  8 |
---------------+-------------------------+-----
Armour         | 1 2 3 4 5 6 |  6.2
Polearms       | 4 5 6 7 8 9 |  9.9
Fighting       | |  3.6
Dodging        | |  2.4
Stealth        | |  1.5

Action                   |  1- 3 |  4- 6 |  7- 9 || total
-------------------------+-------+-------+-------++-------
Melee: Spear             |   173 |    53 |       ||   226
       Halberd           |       |   152 |   156 ||   308
  Use: Scroll            |       |       |     8 ||     8
 Stab: Sleeping          |     1 |       |       ||     1
Armor: Robe              |     4 |       |       ||     4
       Ring mail         |    44 |       |       ||    44
       Chain mail        |     1 |    99 |    77 ||   177
Dodge: Dodged            |    74 |    68 |    62 ||   204

Table legend: (Time is in decaauts)
 A = Elapsed time spent in this place.
 B = Non-inter-level travel time spent in this place.
 C = Inter-level travel time spent in this place.
 D = Time resting spent in this place.
 E = Time spent auto-exploring this place.
 F = Levels seen in this place.
 G = Mean time per level.
                   A        B        C        D        E       F      G
               +--------+--------+--------+--------+--------+-----+--------+
         Total |   5308 |   5087 |    221 |    777 |   3114 |   6 |  884.7 |
       Dungeon |   5308 |   5087 |    221 |    777 |   3114 |   6 |  884.7 |
               +--------+--------+--------+--------+--------+-----+--------+

Top non-repeatable levels by time:
     D:1: 1246 daAuts
     D:5: 1088 daAuts
     D:4: 905 daAuts
     D:3: 801 daAuts
     D:2: 763 daAuts
     D:6: 504 daAuts
